[Event "American Cup Blitz 2024"]
[Site "Saint Louis"]
[Date "2024.03.21"]
[Round "6.4"]
[White "So, Wesley"]
[Black "Harsha Bharathakoti"]
[Result "1-0"]
[ECO "B41"]
[WhiteElo "2757"]
[BlackElo "2567"]
[Annotator "TA"]
[PlyCount "51"]
[EventDate "2024.03.21"]
[EventType "swiss"]
[EventCountry "USA"]
[SourceTitle "playchess.com"]
[Source "ChessBase"]
[SourceQuality "1"]
[TimeControl "180+2"]

1. e4 c5 2. Nf3 e6 3. d4 cxd4 4. Nxd4 a6 5. c4 Nf6 6. Nc3 Bb4 7. e5 Ne4 8. Qd3 {[%emt 0:00:33] [#]} Qa5 $1 9. a3 (9. Nde2 Nxc3) 9... Bxc3+ 10. bxc3 {[%emt 0:00:00] Black is slightly better.} Qxc3+ (10... Qxe5 $15 11. f4 Qa5 (11... Nxc3+ $2 {is the wrong capture.} 12. fxe5 Na4 13. Qg3 $18)) 11. Qxc3 $16 Nxc3 12. a4 Ne4 {[%emt 0:00:08] [#]} 13. Ba3 $1 {[%emt 0:00:08] Prevents d6. Threatens to win with f3.} f6 14. f4 fxe5 ({Black should play} 14... f5 $14) 15. fxe5 b6 (15... Nc6 $16 {keeps fighting.} 16. Nxc6 (16. Bd3 Ng5 $16) 16... dxc6) 16. Be2 (16. Rb1 $18) 16... Ng5 (16... Bb7 $16) 17. Rb1 $18 Nf7 $2 (17... Bb7 18. Rxb6 Be4) 18. Bf3 ({Not} 18. Rxb6 Nxe5 19. O-O Nbc6 20. Nxc6 Nxc6 $18) 18... Ra7 19. Rxb6 Nc6 20. Nxc6 dxc6 {[%emt 0:00:01] Black is weak on the dark squares} 21. Bxc6+ {[%emt 0:00:01] This pair of bishops is nice.} Kd8 22. Bb2 Kc7 23. a5 Bd7 $2 (23... Nd8) 24. O-O {[%emt 0:00:03] White is clearly winning.} Nd8 25. Be4 h6 26. Ba3 {[%emt 0:00:01] White took control after the opening.   Weighted Error Value: White=0.26 (precise) /Black=0.69.  Mistake:       	White=1     	Black=6      Inaccurate:     	White=3     	---        OK:         	White=5     	Black=6      Best:        	White=2     	---        Strong:       	White=1     	---} 1-0

[Event "American Cup Blitz 2024"]
[Site "Saint Louis"]
[Date "2024.03.21"]
[Round "6.5"]
[White "Dominguez Perez, Leinier"]
[Black "Bok, Benjamin"]
[Result "1-0"]
[ECO "C92"]
[WhiteElo "2749"]
[BlackElo "2620"]
[Annotator "TA"]
[PlyCount "87"]
[EventDate "2024.03.21"]
[EventType "swiss"]
[EventCountry "USA"]
[SourceTitle "playchess.com"]
[Source "ChessBase"]
[SourceQuality "1"]
[TimeControl "180+2"]

1. e4 e5 2. Nf3 Nc6 3. Bb5 a6 4. Ba4 Nf6 5. O-O Be7 6. Re1 b5 7. Bb3 d6 8. c3 O-O 9. h3 Bb7 10. d3 Na5 11. Bc2 c5 12. Nbd2 Re8 13. Nf1 h6 14. Ng3 Bf8 15. d4 cxd4 16. cxd4 exd4 17. Nxd4 Rc8 18. b3 d5 {[%emt 0:00:47] Die Stellung ist ausgeglichen.} 19. e5 Ne4 20. Bf4 Bb4 {[%emt 0:00:33] [#]} 21. Qg4 Bxe1 22. Rxe1 Qb6 23. Ngf5 $40 {[%emt 0:00:12][%mdl 128] Weiss hat starken Angriff.} Qg6 24. Qd1 {[%emt 0:00:08] Droht stark Bxe4. Weiß steht aktiver.} Nc6 ({Besser ist} 24... Rxc2 $1 $14 25. Qxc2 Nc6) 25. f3 {[%emt 0:00:37] Das Brett brennt.} ({Vorzuziehen ist} 25. Nh4 $16 Qh7 26. Ndf5) 25... Nxd4 $11 26. Nxd4 Qb6 $1 {[%emt 0:00:10][%cal Oc8c2] ...Rxc2! ist eine echte Drohung.} 27. Be3 ({Viel schwächer wäre} 27. fxe4 Rxc2 28. Qxc2 Qxd4+ 29. Kh2 Rc8 $15 (29... dxe4 30. Rd1 $15)) 27... Nc3 (27... Nc5 $11 {bleibt in der Remisbreite.}) 28. Qd3 $16 Qg6 29. Qd2 (29. Qxg6 $142 {Droht Matt per Qh7+.} fxg6 30. e6) 29... Qh5 30. Bf4 ({Keinesfalls} 30. Bf5 b4 $16) 30... Nxa2 (30... b4 $16) 31. Bf5 $18 Nc3 32. Bxc8 Rxc8 {[%emt 0:00:01] Schwarz hat schwache schwarze Felder} 33. e6 fxe6 $2 (33... Ne4 34. fxe4 dxe4) 34. Rxe6 {[%emt 0:00:01][%cal Be1e6,Be6e7,Be7b7][%mdl 32] Und Re7 würde nun gewinnen.} b4 35. Re7 Re8 36. Rxb7 a5 37. Kh2 Qg6 38. Qf2 Qf6 39. Qd2 (39. Bc7 $18) 39... Nb1 40. Qc1 {[%emt 0:00:01][%cal Oc1c7] Zielt auf Qc7! ab.} Qxd4 $4 {[%emt 0:00:01][%mdl 8192] [#]} (40... Nc3 $11) 41. Bxh6 $1 gxh6 42. Qxh6 Qe5+ 43. f4 Qh8 {[%emt 0:00:03] Lässt Qh7+ nicht zu} 44. Qg6+ {[%emt 0:00:01] Gewichteter Fehlerwert: Weiß=0.57/Schwarz=0.78.  Verlustzug:     	---       	Schwarz=1     Fehler:       	Weiß=2     	Schwarz=4     Ungenau:       	---       	Schwarz=4     OK:         	Weiß=6     	Schwarz=4     Bester:       	Weiß=5     	Schwarz=2     Stark:        	Weiß=1     	Schwarz=1} 1-0

[Event "American Cup Blitz 2024"]
[Site "Saint Louis"]
[Date "2024.03.21"]
[Round "6.6"]
[White "Naroditsky, Daniel"]
[Black "Robson, Ray"]
[Result "1-0"]
[ECO "C26"]
[WhiteElo "2619"]
[BlackElo "2696"]
[Annotator "TA"]
[PlyCount "89"]
[EventDate "2024.03.21"]
[EventType "swiss"]
[EventCountry "USA"]
[SourceTitle "playchess.com"]
[Source "ChessBase"]
[SourceQuality "1"]
[TimeControl "180+2"]

1. e4 e5 2. Nf3 Nf6 3. Nc3 Nc6 4. g3 Bc5 5. Bg2 d6 6. d3 a5 7. O-O O-O 8. h3 a4 {[%emt 0:00:04] Schwarz steht etwas besser.} 9. a3 Nd4 (9... Re8 $142) 10. Nxd4 $11 Bxd4 {[%emt 0:00:03] [#]} 11. Nxa4 $1 d5 {[%emt 0:00:26] [#]} (11... Rxa4 12. c3) 12. exd5 $1 Nxd5 (12... Rxa4 13. c3) 13. c3 Ba7 14. c4 Ne7 15. Nc3 c6 16. Be3 Bf5 17. Bxa7 Rxa7 18. Ne4 Qd7 19. Kh2 Rd8 20. Qe2 h6 21. Rad1 Raa8 22. Nc5 Qc7 (22... Qd4 $1 $14 {sieht stärker aus.} 23. Nb3 (23. Nxb7 $2 Rd7 $19) 23... Qb6) 23. f4 b6 24. Ne4 (24. Qxe5 $2 Qxe5 25. fxe5 bxc5 $19) 24... exf4 25. Rxf4 Be6 26. d4 Rd7 {[%emt 0:00:13] Danach kann Schwarz die Partie nicht mehr halten.} (26... Ng6 $16 {ist wohl besser.} 27. Rf2 Ne7) 27. Nc3 {[%emt 0:00:07] Droht d5 und aus.} Rad8 {[%emt 0:00:02] [#]} 28. d5 $1 cxd5 29. cxd5 Ng6 $2 (29... Bxd5 $2 {geht unter.} 30. Nxd5 Nxd5 31. Rxd5 $18) (29... Nxd5 30. Bxd5 (30. Rxd5 Rxd5 31. Bxd5 Rxd5 $18) 30... Rxd5 (30... Bxd5 $2 31. Nxd5 Qc8 32. Re4 $18) 31. Rxd5 (31. Nxd5 Rxd5 32. Rxd5 Bxd5 $18) 31... Rxd5) 30. Rc4 $18 ({Schwächer ist} 30. dxe6 Nxf4 31. exf7+ (31. Rxd7 Rxd7 32. exf7+ Rxf7 $11) (31. gxf4 Qxf4+ 32. Kg1 Rxd1+ 33. Nxd1 Qc1 $18) 31... Rxf7 32. Rxd8+ (32. gxf4 Qxf4+ 33. Kh1 Rxd1+ 34. Qxd1 Kh8 $16) 32... Qxd8 33. gxf4 Rxf4 $16) 30... Qe5 31. Re4 Qg5 32. dxe6 Rxd1 33. exf7+ Kxf7 34. Nxd1 Rd2 35. Qc4+ Kf8 36. Qc8+ Rd8 37. Qc2 Rd2 38. Qc3 Kg8 39. Qf3 Ne5 40. Qe3 Ng4+ 41. Rxg4 Qd5 42. Qe8+ Kh7 43. Qe4+ (43. Qg6+ $142 Kh8 44. Qxg7#) 43... Qxe4 44. Rxe4 Rxd1 45. Rb4 {[%emt 0:00:00] Gewichteter Fehlerwert: Weiß=0.10 (sehr präzise) /Schwarz=0.35.  Fehler:       	---       	Schwarz=4     Ungenau:       	Weiß=3     	Schwarz=3     OK:         	Weiß=14    	Schwarz=4     Bester:       	Weiß=1     	Schwarz=1     Brilliant:      	Weiß=1     	---} 1-0

[Event "American Cup Blitz 2024"]
[Site "Saint Louis"]
[Date "2024.03.21"]
[Round "6.7"]
[White "Gledura, Benjamin"]
[Black "Quesada Perez, Yuniesky"]
[Result "0-1"]
[ECO "A07"]
[WhiteElo "2616"]
[BlackElo "2591"]
[Annotator "RC"]
[PlyCount "100"]
[EventDate "2024.03.21"]
[EventType "swiss"]
[EventCountry "USA"]
[SourceTitle "playchess.com"]
[Source "ChessBase"]
[SourceQuality "1"]
[TimeControl "180+2"]

1. Nf3 d5 2. g3 Bg4 3. Bg2 Nd7 4. d4 e6 5. O-O Bd6 6. c4 c6 7. h3 Bh5 8. Nc3 f5 9. Qb3 Rb8 10. Qc2 Ne7 11. Rb1 O-O 12. b4 f4 13. e4 Bxf3 14. Bxf3 fxg3 15. Bg4 gxf2+ 16. Rxf2 Rxf2 17. Qxf2 e5 18. Bg5 exd4 19. Qxd4 Be5 20. Qd3 d4 21. Ne2 Nf6 22. Rf1 Ng6 23. Bf5 Qe7 24. c5 Rd8 25. h4 Nf8 26. h5 h6 27. Bh4 Kh8 28. Kh1 Qf7 29. Qf3 d3 30. Ng3 d2 31. Rd1 Qxa2 32. Nf1 Ne6 33. Ne3 Qb3 34. Bxe6 Qxe6 35. Nf5 Nh7 36. Qg4 Rd7 37. Bf2 Qf7 38. Be3 Nf6 39. Qg6 Qxg6 40. hxg6 Nxe4 41. Kg2 Bc3 42. Kf3 Nf6 43. Nd6 Bxb4 44. Rb1 a5 45. Ke2 Nd5 46. Bd4 Nf4+ 47. Kf3 Nxg6 48. Rh1 Kh7 49. Ke4 Re7+ 50. Kd3 Re1 0-1

[Event "American Cup Blitz 2024"]
[Site "Saint Louis"]
[Date "2024.03.21"]
[Round "6.8"]
[White "Shankland, Sam"]
[Black "Kevlishvili, Robby"]
[Result "1-0"]
[ECO "D45"]
[WhiteElo "2674"]
[BlackElo "2524"]
[Annotator "TA"]
[PlyCount "139"]
[EventDate "2024.03.21"]
[EventType "swiss"]
[EventCountry "USA"]
[SourceTitle "playchess.com"]
[Source "ChessBase"]
[SourceQuality "1"]
[TimeControl "180+2"]

1. d4 d5 2. c4 c6 3. Nc3 Nf6 4. e3 e6 5. Nf3 Nbd7 6. Be2 Bd6 7. O-O O-O 8. b3 b6 9. Bb2 Bb7 10. Bd3 h6 11. Rc1 Rc8 12. Re1 c5 13. cxd5 exd5 14. Bf5 c4 15. bxc4 Rxc4 16. Qb3 a6 17. a4 Qe7 18. Bd3 Rc7 19. Rc2 Rfc8 20. Rec1 Qe6 21. g3 Qg4 22. Be2 Qf5 23. Nh4 Qe6 24. Bf1 Ne4 25. Nxe4 Rxc2 26. Rxc2 Rxc2 27. Nxd6 Rxb2 28. Qxb2 Qxd6 29. Nf5 Qe6 30. Bd3 Nf6 31. Qc2 Ne4 32. Nh4 Qd7 33. Ng2 Bc6 34. Nf4 (34. Qb3 $11 {remains equal.}) 34... Bxa4 $17 35. Qb2 (35. Qa2 $15) 35... Bb5 (35... b5 $17 36. Qc1 a5) 36. Bxb5 $11 axb5 ({Reject} 36... Qxb5 $6 37. Qxb5 axb5 38. Nxd5 $16) 37. Qb3 Nf6 38. Nd3 Qc6 39. Qb2 Qc4 40. Ne5 Qa4 41. Qc1 Qa8 42. Qc7 Qe8 (42... Kh7 $11) 43. Qxb6 $16 Ne4 44. Qb7 Qe6 ({Black should try} 44... Nc3) 45. Qxb5 $16 f6 $2 (45... h5 $16 {keeps fighting.} 46. Qb8+ Kh7) 46. Nd3 Qf5 (46... Kh7 {was called for.} 47. Nf4 Qg4) 47. Nf4 $18 Nc3 48. Qb3 Qb1+ 49. Qxb1 Nxb1 50. Nxd5 Kf7 51. Kf1 Ke6 52. e4 (52. Nf4+ $142 Ke7 53. f3) 52... Nd2+ $18 53. Ke2 Nxe4 54. Ne3 h5 55. h4 (55. d5+ $18 Kd7 56. f3) 55... g5 $1 $14 56. Ng2 (56. g4 $16 hxg4 57. h5) 56... Kd5 (56... Kf5 $11) 57. Ke3 $16 Nd6 58. Kd3 Ke6 {[%emt 0:00:02] [#]} 59. Ne3 $1 gxh4 $2 (59... Ke7 $16 60. d5 Kd8) 60. gxh4 Nf7 61. Ke4 Nd6+ 62. Kf4 Nb5 63. d5+ Kf7 64. Kf5 $2 (64. Ke4 $18) 64... Nd4+ $2 (64... Nd6+ $11 65. Kf4 Nb5) 65. Ke4 $18 Nb5 (65... Nb3 $142 66. Nf5 Nd2+ 67. Kd4 Nf3+ 68. Kc5 Ke8) 66. Nf5 $18 Kg6 67. d6 Nc3+ 68. Kd3 (68. Kd4 $142 Kxf5 69. d7 (69. Kxc3 Ke6 70. Kd3 Kxd6 71. Ke4 Ke6 72. Kf4 Ke7 73. Kf5 Kf7) 69... Ne4 70. Ke3 (70. d8=R Kf4 $14) (70. d8=Q Nxf2 71. Qd7+ Kf4 72. Qd6+ Kf5 73. Qc6 Kf4 74. Qxf6+ Kg3 75. Qe5+ Kh3) 70... Nd6 71. d8=Q (71. d8=B Ke6 $15) 71... Nc4+ 72. Ke2 Ne5 73. Qe8) 68... Na4 $18 69. Kd4 Kxf5 70. d7 1-0

[Event "American Cup Blitz 2024"]
[Site "Saint Louis"]
[Date "2024.03.21"]
[Round "6.9"]
[White "Theodorou, Nikolas"]
[Black "Boros, Denes"]
[Result "1/2-1/2"]
[ECO "A46"]
[WhiteElo "2622"]
[BlackElo "2402"]
[Annotator "TA"]
[PlyCount "149"]
[EventDate "2024.03.21"]
[EventType "swiss"]
[EventCountry "USA"]
[SourceTitle "playchess.com"]
[Source "ChessBase"]
[SourceQuality "1"]
[TimeControl "180+2"]

1. Nf3 Nf6 2. b3 d6 3. d4 Bg4 4. Nbd2 c6 5. Bb2 Nbd7 6. h3 {[%emt 0:00:07] A46: Damenbauernspiele.} Bh5 7. e4 $146 ({Predecessor:} 7. e3 Qc7 8. Be2 e5 9. O-O Be7 10. dxe5 dxe5 11. Nc4 Bxf3 12. Bxf3 O-O 13. a4 {1-0 Martin Duque,J (2424)-Boros,D (2430) Titled Tuesday intern op 22 Mar Early blitz 2022 (8)}) 7... Qa5 8. Bd3 e6 9. g4 Bg6 10. Qe2 Be7 11. a3 h6 12. Rg1 c5 13. Kf1 cxd4 14. Nxd4 d5 15. b4 Qb6 16. Re1 dxe4 17. Nxe4 Bxe4 18. Bxe4 Nxe4 19. Qxe4 Nf6 20. Qf3 Rd8 21. c3 Qc7 22. Kg2 Nd5 23. Kh1 O-O 24. Rd1 a6 25. Rge1 Bf6 26. Nb3 Rc8 27. Rc1 Rfd8 28. Nc5 b6 29. Ne4 Qc4 30. Qe2 (30. Rcd1 $17) 30... Qxe2 $19 31. Rxe2 Nf4 32. Nxf6+ gxf6 33. Rec2 Nxh3 (33... Rd3 $19 34. c4 Rxh3+ (34... Nxh3 35. Bxf6 Rxa3 36. c5 $11) 35. Kg1 Kh7 36. Bxf6 Rxa3) 34. c4 $17 e5 35. Kh2 Nf4 36. c5 bxc5 37. Rxc5 Rxc5 38. bxc5 {[%emt 0:00:01] [#]} Rc8 $1 (38... Rd2 39. c6 Nd5 (39... Rxb2 $2 40. c7 $18) (39... Rxf2+ $2 40. Kg3 $18) 40. Bc3 Rxf2+ 41. Kg3 $11) 39. c6 (39. Rc4 $17 {kämpft weiter.}) 39... Nd5 $2 (39... Nd3 $19 40. Rc2 Nxb2 41. Rxb2 Rxc6) 40. Kg3 ({Günstiger ist} 40. Rc5 $11 Nf4 41. Bc3) 40... Ne7 41. c7 Nd5 42. Rc6 (42. Rc5 $15 Nf4 (42... Rxc7 $2 {ist das falsche Schlagen.} 43. Rxd5 Rc2 44. Rd8+ Kg7 45. Rb8 $18) (42... Nxc7 $2 43. Bc3 $18) 43. Bc1) 42... Rxc7 $19 (42... Nxc7 $2 {verliert.} 43. Bc3 $18 (43. Rxf6 Nd5 $11)) 43. Rxa6 Kg7 (43... Rc2 $19 44. Ra8+ Kg7) 44. Rd6 ({Weiss braucht} 44. Ra5 $1 $15 Rd7 45. Kh2) 44... Rc5 (44... Nc3 $19 45. Kf3 Na4) 45. a4 (45. Kf3 $17) 45... Ra5 $19 46. f3 (46. Rc6 {war nötig.}) 46... Nf4 $1 $19 47. Rd2 Rxa4 48. Kf2 Rb4 49. Kg3 Rb5 50. Ba3 Rb1 51. Kf2 Rh1 52. Ke3 Rb1 $2 ({Vorzuziehen ist} 52... Kg6 $19 {Zielt auf ...f5 ab.} 53. Bd6 h5 54. gxh5+ Kxh5 (54... Rxh5 $2 55. Bb4 $19)) 53. Be7 $2 (53. Kf2 $11 {und Weiss muss sich keine Sorgen machen.} Rb3 54. Bd6) 53... Kg6 $19 54. Rd6 Rb3+ 55. Kf2 Rb2+ 56. Kf1 Ne6 57. Ra6 f5 58. Ra8 (58. Bd6 {war angesagt.}) 58... fxg4 $19 59. fxg4 Rb7 60. Bd6 f6 61. Ra6 Kg5 $2 (61... Nf4 $19 {Und ...Kg5 würde nun gewinnen.} 62. Ra8 Kg5 63. Rg8+ Kh4) 62. Bxe5 $1 $11 fxe5 63. Rxe6 Rb5 64. Kf2 Kf4 65. Rf6+ Kxg4 66. Rxh6 Kf4 67. Rh4+ Kf5 68. Ra4 Rb2+ 69. Ke1 e4 70. Ra3 Kf4 71. Rc3 Rg2 72. Ra3 Rg3 73. Rxg3 Kxg3 74. Ke2 e3 75. Kxe3 1/2-1/2

[Event "American Cup Blitz 2024"]
[Site "Saint Louis"]
[Date "2024.03.21"]
[Round "6.10"]
[White "Rosen, Eric"]
[Black "Krasteva, Beloslava"]
[Result "1-0"]
[ECO "A46"]
[WhiteElo "2361"]
[BlackElo "2220"]
[Annotator "TA"]
[PlyCount "73"]
[EventDate "2024.03.21"]
[EventType "swiss"]
[EventCountry "USA"]
[SourceTitle "playchess.com"]
[Source "ChessBase"]
[SourceQuality "1"]
[TimeControl "180+2"]

1. d4 Nf6 2. Bf4 e6 3. e3 c5 4. Nf3 cxd4 5. exd4 b6 6. Nbd2 d6 7. Bd3 Ba6 8. Nc4 {[%emt 0:00:11] The position is equal.} Be7 9. O-O O-O 10. Re1 Nc6 11. c3 Bb7 12. h3 Rc8 13. a4 Nb8 14. Qe2 Qd7 15. Ne3 Nd5 16. Bg3 Nxe3 17. Qxe3 Nc6 18. Qe2 {[%emt 0:00:53] White has more active pieces.} Bf6 19. Nd2 d5 20. Nf3 g6 21. h4 h5 22. Bf4 Bg7 23. Qd2 Rce8 24. Re2 Na5 25. Qc2 {[%emt 0:00:06] Wards off Nb3} Nc4 26. Rae1 Nd6 27. Ng5 {[%emt 0:00:07] [#] Bxd6 would now be deadly.} Nf5 28. g3 $1 Bf6 29. Nf3 $36 {[%emt 0:00:01][%mdl 2048] White is on the roll.} Bg7 30. Ne5 Qc8 31. Bb5 Re7 {[%emt 0:00:02][%cal Be8e7,Be7f7,Bf7f8][%mdl 32] Repels Bd7} 32. Bg5 {[%emt 0:00:02][%cal Oe5g6] [#] And now Nxg6! would win.} f6 $2 {[%emt 0:00:01][%mdl 8192] Black cannot hold the game after this.} (32... Rc7 $16) 33. Nxg6 $18 Ref7 34. Nxf8 Rxf8 35. Bf4 Rf7 36. Rxe6 Ne7 37. Rxe7 {[%emt 0:00:02] Weighted Error Value: White=0.11 (very precise) /Black=0.56.  Loses game:     	---       	Black=1      Inaccurate:     	White=3     	Black=8      OK:         	White=7     	Black=6      Best:        	White=1     	---        Strong:       	White=1     	---} 1-0

[Event "American Cup Blitz 2024"]
[Site "Saint Louis"]
[Date "2024.03.21"]
[Round "7.1"]
[White "Caruana, Fabiano"]
[Black "So, Wesley"]
[Result "1-0"]
[ECO "A21"]
[WhiteElo "2804"]
[BlackElo "2757"]
[Annotator "TA"]
[PlyCount "69"]
[EventDate "2024.03.21"]
[EventType "swiss"]
[EventCountry "USA"]
[SourceTitle "playchess.com"]
[Source "ChessBase"]
[SourceQuality "1"]
[TimeControl "180+2"]

1. c4 e5 2. Nc3 Bb4 3. Nd5 Be7 4. Nf3 d6 5. g3 Nf6 6. Nc3 O-O 7. Bg2 Re8 8. d4 {[%emt 0:00:06][%cal Bd2d4,Bd4d5][%mdl 32] The position is equal.} Nc6 9. d5 Nb8 10. O-O a5 11. e4 Na6 12. h3 Nc5 13. Qc2 h6 14. Be3 {[%emt 0:00:01] Bxc5 is the strong threat.} Nfd7 15. b3 Bg5 (15... b6 $14) 16. Nxg5 $16 hxg5 17. a3 b6 18. b4 Na6 19. Qd2 f6 20. Nb5 Nf8 21. bxa5 {[%emt 0:00:05] White has more active pieces.} bxa5 22. Qxa5 Bd7 (22... Nd7 $16 {was called for.} 23. Rfb1 g4 24. hxg4 Nb6 25. Nxd6 (25. Nxc7 Nd7 $16) 25... Qxd6) 23. Qc3 Ng6 24. a4 Qc8 {[%emt 0:00:10] [#]} 25. Na7 $1 Qd8 26. a5 (26. Qa5 $18) 26... Kf7 (26... Nf4 $16 27. Kh2 (27. gxf4 gxf4 28. Bxf4 exf4 $14) 27... Nxg2) 27. c5 $18 {[%emt 0:00:23] Hoping for cxd6.} Rh8 $2 (27... Rxa7 28. c6 Ra8) 28. cxd6 cxd6 29. g4 $2 (29. Rfb1 $18 {has better winning chances.}) 29... Nf4 $16 {[%emt 0:00:02] [#]} 30. Bxf4 gxf4 31. Nc6 $36 {[%emt 0:00:02][%mdl 2048] Keeping Black busy.} Qc8 (31... Qc7 $16 32. Rfb1 Nc5) 32. Rfb1 $18 Nc5 33. Rb6 Qc7 34. Rab1 Na4 $2 {[%emt 0:00:21] [#]} (34... Qc8 35. Qa3 Qc7) 35. Nxe5+ $1 {[%emt 0:00:03][%mdl 512] Weighted Error Value: White=0.33/Black=0.38.  Missed win:     	White=1     	---        Mistake:       	White=1     	Black=6      Inaccurate:     	---       	Black=2      OK:         	White=14    	Black=4      Best:        	White=3     	Black=2      Brilliant:      	White=1     	---} 1-0

[Event "American Cup Blitz 2024"]
[Site "Saint Louis"]
[Date "2024.03.21"]
[Round "7.2"]
[White "Oparin, Grigoriy"]
[Black "Sevian, Samuel"]
[Result "1/2-1/2"]
[ECO "E04"]
[WhiteElo "2671"]
[BlackElo "2697"]
[Annotator "TA"]
[PlyCount "77"]
[EventDate "2024.03.21"]
[EventType "swiss"]
[EventCountry "USA"]
[SourceTitle "playchess.com"]
[Source "ChessBase"]
[SourceQuality "1"]
[TimeControl "180+2"]

1. d4 Nf6 2. c4 e6 3. Nf3 d5 4. g3 Bb4+ 5. Nbd2 dxc4 6. Bg2 b5 {[%emt 0:00:38] Lässt Qa4 nicht zu} 7. O-O Bb7 {[%emt 0:00:02] [#]} (7... O-O $11) 8. Nxc4 $1 $14 O-O {[%emt 0:00:03] [#] Weiß steht etwas besser.} (8... bxc4 9. Qa4+) 9. Nce5 Be7 10. Bg5 Nbd7 11. Nxd7 Nxd7 12. Bxe7 Qxe7 13. Qc2 c5 {[%emt 0:00:13] [#]} 14. Ng5 $1 Qxg5 15. Bxb7 Rad8 16. h4 Qe7 17. dxc5 Nxc5 18. Bf3 Nd7 (18... Rc8 $11 {bleibt in der Remisbreite.}) 19. a4 {[%emt 0:00:39] Weiß steht aktiver.} ({Vorzuziehen ist} 19. Qc7 $16 {[%cal Of3c6] Droht Bc6! und aus.} Qf6 20. Bc6 (20. Qxa7 Ne5 $11)) 19... bxa4 20. Qxa4 Ne5 21. Qxa7 Nxf3+ 22. exf3 Qf6 23. Qa3 Rb8 (23... Rd2 $14) 24. b4 $16 Rb5 25. Rab1 Rfb8 26. Rb3 (26. Rfc1 $16) 26... h5 27. f4 ({Besser ist} 27. Re1 $16) 27... Qd4 $11 28. Rfb1 g6 29. Qb2 Rd5 (29... Qd6 $1 $11) 30. Qxd4 Rxd4 $16 {[%emt 0:00:01][%mdl 4096] Endspiel. KRR-KRR} 31. b5 Rb6 32. Kf1 Rd5 33. Ke2 Kg7 34. Ke3 Kf6 35. Rb4 Ke7 36. R1b3 Kf6 37. Rb1 Ke7 38. R1b3 Kf6 $1 39. Rb1 {[%emt 0:00:02] Gewichteter Fehlerwert: Weiß=0.14 (sehr präzise) /Schwarz=0.16 (sehr präzise) .  Fehler:       	Weiß=4     	Schwarz=4     Ungenau:       	Weiß=2     	Schwarz=2     OK:         	Weiß=14    	Schwarz=10    Bester:       	Weiß=1     	Schwarz=2     Stark:        	---       	Schwarz=1     Brilliant:      	Weiß=1     	---} (39. Rb2 $16) 1/2-1/2

[Event "American Cup Blitz 2024"]
[Site "Saint Louis"]
[Date "2024.03.21"]
[Round "7.3"]
[White "Dominguez Perez, Leinier"]
[Black "Durarbayli, Vasif"]
[Result "0-1"]
[ECO "C11"]
[WhiteElo "2749"]
[BlackElo "2627"]
[Annotator "TA"]
[PlyCount "74"]
[EventDate "2024.03.21"]
[EventType "swiss"]
[EventCountry "USA"]
[SourceTitle "playchess.com"]
[Source "ChessBase"]
[SourceQuality "1"]
[TimeControl "180+2"]

1. e4 e6 2. d4 d5 3. Nc3 Nf6 4. e5 Nfd7 5. f4 c5 6. Nf3 Nc6 7. Be3 cxd4 8. Nxd4 Qb6 9. Qd2 Qxb2 10. Rb1 Qa3 11. Bb5 Nxd4 12. Bxd4 {[%emt 0:00:01][%cal Of4f5] Hoping for f5!} a6 13. Bxd7+ Bxd7 {[%emt 0:00:01] The position is equal.} 14. Rb3 Qe7 (14... Qa5 $2 15. Bb6 $18 (15. Rxb7 Bb4 $17) (15. Rxb7 Bb4 $17)) 15. Rxb7 Qd8 16. O-O Qc8 17. Rfb1 Bc5 {[%emt 0:00:05] [#]} 18. f5 $1 {[%emt 0:00:15][%cal Bf4f5,Bf5f6][%mdl 32] And now Bxc5 would win.} Bb5 (18... Bxd4+ 19. Qxd4) 19. Nxb5 axb5 20. Bxc5 Qxc5+ (20... Qxb7 21. Qg5 $14) 21. Kh1 O-O 22. f6 {[%emt 0:00:07] White threatens Qg5 and mate.} Rfb8 (22... Rxa2 23. Qg5 g6 24. Qh6 (24. R1xb5 $2 Qxb5 25. h3 Qf1+ 26. Kh2 Rxc2 $19) (24. R1xb5 $2 Qxb5 25. h3 Qf1+ 26. Kh2 Rxc2 $19)) 23. Re7 h6 {[%emt 0:00:22] Prevents Qg5.} 24. Qf4 $2 {[%emt 0:00:37][%mdl 8192] This costs White the game.} (24. fxg7 $1 $11 {and White stays safe.} Kxg7 (24... Qxe7 $2 25. Qxh6 f5 26. exf6 $18) 25. Rd7 Rxa2 26. Qf4) 24... Qxc2 $40 {[%emt 0:00:26][%mdl 128] Black wants a kill.} (24... Rxa2 $2 25. fxg7 Qxe7 26. Qxh6 $18) 25. Rf1 (25. Rc1 {is tougher.} Qg6 (25... Qxa2 26. fxg7) 26. h3) 25... Rxa2 (25... Qxa2 26. fxg7) 26. Qg3 g6 27. h3 b4 {[%emt 0:00:03] White must now prevent ...b3.} 28. Rg1 b3 {[%emt 0:00:11] ( -> ...b2)} 29. Qh4 Qd2 30. Qg4 Qg5 (30... b2 $142 31. h4 Ra1 (31... b1=R $2 32. Re8+ Rxe8 33. Rxb1 $19) 32. h5 Rxg1+ (32... b1=B 33. hxg6 Bxg6 34. Rxa1 $15) 33. Kxg1 b1=Q+ (33... b1=B $2 34. Kh2 $19) 34. Kh2 Qe3 35. Re8+ Rxe8 36. Qf3 Qbg1+ (36... Qxe5+ {is a self mate.} 37. g3 Rc8 38. Kg2 Rc2+ 39. Qf2 Rxf2+ 40. Kxf2 Qbe1+ 41. Kg2 Q5xg3#) 37. Kh3 Qxf3+ (37... gxh5 38. Qxe3 Qxe3+ 39. Kh2 Ra8 40. g3 Ra2+ 41. Kh3 Qxe5 42. Kh4 Rh2#) 38. gxf3 g5 (38... gxh5 39. f4 Rb8 40. f5 Rb3+ 41. Kh4 Qh2#) 39. f4 gxf4 40. Kh4 Qg3#) 31. Qd4 b2 {[%emt 0:00:07] Black mates.} 32. Rb1 Qc1+ 33. Kh2 Qxb1 34. Rxf7 Kxf7 35. Qc5 {[%emt 0:00:01] [#]} Qh1+ $3 36. Kg3 (36. Kxh1 b1=Q+) 36... Qe1+ ({Not} 36... b1=R 37. Qe7+ Kg8 38. Qg7#) 37. Kg4 Qe4+ {[%emt 0:00:02] Weighted Error Value: White=1.09/Black=0.37.  Loses game:     	White=1     	---        Mistake:       	White=1     	---        Inaccurate:     	White=3     	Black=3      OK:         	White=8     	Black=7      Best:        	---       	Black=1      Brilliant:      	White=1     	---} (37... Ra4+ $142 38. Qd4 Rxd4+ 39. Kf3 Rb3#) 0-1